 Dungeon Crawl Stone Soup version 0.20.1-1-g8b1a95d (webtiles) character file.

124 Mekire the Skirmisher (level 5, 0/43 HPs)
             Began as a Formicid Hunter on Dec 1, 2017.
             Slain by an orc
             ... wielding a +0 flail
              (8 damage)
             ... on level 3 of the Dungeon.
             The game lasted 00:06:48 (3238 turns).

Mekire the Skirmisher (Formicid Hunter)             Turns: 3238, Time: 00:06:49

Health: 0/43       AC:  3    Str: 18    XL:     5   Next: 30%
Magic:  5/5        EV: 12    Int: 10    God:
Gold:   100        SH:  0    Dex: 11    Spells: 4/4 levels left

rFire    . . .     SeeInvis +   a - +0 short sword
rCold    . . .     Gourm    .   (no shield)
rNeg     . . .     Faith    .   b - +0 leather armour
rPois    .         Spirit   .   (helmet unavailable)
rElec    .         Reflect  .   (no cloak)
rCorr    .         Harm     .   (no gloves)
MR       +....                  (no boots)
Stlth    ++........             (no amulet)
Regen    0.2/turn               i - ring of protection from magic
MPRegen  0.1/turn               s - ring of flight

@: no status effects
A: permanent stasis, dig shafts and tunnels, four strong arms, antennae 3
a: Dig, Shaft Self, Evoke Flight


You were on level 3 of the Dungeon.
You were not hungry.

You visited 1 branch of the dungeon, and saw 3 of its levels.

You collected 100 gold pieces.

Inventory:

Hand Weapons
 a - a +0 short sword (weapon)
Missiles
 d - 2 throwing nets {!f}
 e - 34 stones (quivered)
Armour
 b - a +0 leather armour (worn)
Jewellery
 i - a ring of protection from magic (left hand)
 s - a ring of flight (right hand)
Scrolls
 j - a scroll of magic mapping {unknown}
 o - a scroll of enchant armour {unknown}
 p - a scroll of amnesia {unknown}
Potions
 g - a potion of brilliance
 h - a potion of degeneration
 k - a potion of might {unknown}
 l - a potion of invisibility {unknown}
 n - a potion of flight {unknown}
 r - a potion of experience {unknown}
Comestibles
 f - 3 bread rations
 m - 2 meat rations
 q - 4 fruits {@e1}
 t - 4 chunks of flesh


   Skills:
 * Level 4.6 Fighting
 - Level 4.0 Throwing
 - Level 1.7 Dodging
 + Level 3.7 Stealth


You had 4 spell levels left.
You didn't know any spells.

Dungeon Overview and Level Annotations

Branches:
Dungeon (3/15)

Altars:

Annotations:
D:3 Terence


Innate Abilities, Weirdness & Mutations

You cannot be hasted, slowed, berserked, paralysed or teleported.
You can dig through walls and to a lower floor.
Your four strong arms can wield two-handed weapons with a shield.
You have a pair of large antennae on your head. (SInv)


Message History

You hit the orc wizard but do no damage.
The orc wizard is moderately wounded.
The orc hits you with a flail. The orc wizard closely misses you.
You take 6 damage, and have 17/43 hp.
You hit the orc wizard but do no damage.
The orc wizard is moderately wounded.
The orc hits you with a flail. The orc wizard closely misses you.
You take 4 damage, and have 13/43 hp.
Okay, then.
Okay, then.
You hit the orc wizard.
The orc wizard is heavily wounded.
The orc hits you with a flail.
* * * LOW HITPOINT WARNING * * *
The orc wizard hits you but does no damage.
You take 5 damage, and have 8/43 hp.
You hit the orc wizard.
The orc wizard is heavily wounded.
The orc hits you with a flail!
You die...

######### #.......# ##.#####.#
#...# #.# ###...####.# #.
#######.......##.# #.
#.....o.[........###
##.##.###.#@o.....##...#
...#.# #.###...####.#.# #..#)#
#o# #...####.#.####
#..#)###.####............#
#####..#)...........##....##.#
.......(..........#.#.....##.#
############.######........#.#
#.# #..........#
#.#######.......#.#


You could see an orc wizard (invisible) and an orc.

Vanquished Creatures
  An orc wizard (D:3)
  An adder (D:2)
  6 worms
  3 dart slugs
  3 orcs (D:3)
  3 ball pythons
  4 giant cockroaches
  4 goblins
  6 hobgoblins
  4 jackals (D:1)
  6 kobolds
  2 quokkas (D:2)
  8 bats
  4 frilled lizards
  8 rats
63 creatures vanquished.

Vanquished Creatures (others)
  A ball python (D:1)
  A kobold (D:1)
2 creatures vanquished.

Grand Total: 65 creatures vanquished

Notes
Turn   | Place    | Note
-------+----------+-------------------------------------------
     0 | D:1      | Mekire the Formicid Hunter began the quest for the Orb.
     0 | D:1      | Reached XP level 1. HP: 16/16 MP: 1/1
   401 | D:1      | Reached XP level 2. HP: 17/23 MP: 2/2
  1012 | D:1      | Reached XP level 3. HP: 24/29 MP: 3/3
  1684 | D:2      | Reached XP level 4. HP: 24/37 MP: 4/4
  2715 | D:3      | Noticed Terence
  3142 | D:3      | Reached XP level 5. HP: 33/43 MP: 5/5
  3238 | D:3      | Slain by an orc

Skill      XL: |  1  2  3  4 |
---------------+-------------+-----
Stealth        | 2 3 |  3.7
Fighting       | 3 4 |  4.6
Throwing       | |  4.0
Dodging        | |  1.7

Action                   |  1- 3 |  4- 6 || total
-------------------------+-------+-------++-------
Melee: Short sword       |   127 |   117 ||   244
Throw: Javelin           |    10 |    15 ||    25
       Stone             |       |     9 ||     9
 Abil: Dig               |     2 |       ||     2
  Use: Scroll            |       |     4 ||     4
 Stab: Sleeping          |     1 |     2 ||     3
       Distracted        |       |     1 ||     1
  Eat: Chunk             |     2 |     6 ||     8
Armor: Leather armour    |    37 |    41 ||    78
Dodge: Dodged            |    77 |    81 ||   158
